General information
- name: BNet
- type: Ladder 1vs1/FFA
- host: Battle.net
- saver: GoofyKlownFace
map: LostTemple
- players: 2
- length: 56:15
- speed: Fast
- version: 1.26 W3XP
- replay type: Public
» download(142 KB)
Players
team 1 (loser)
lempereur (
teal | 23 APM | 1293 actions | 56:13)
4 Far Seer
2 Feral Spirit
2 Chain Lighting
3 Shadow Hunter
2 Healing Wave
1 Hex
2 Tauren Chieftain
1 War Stomp
1 Endurance Aura
» actions
| Assign group hotkey | 5 | |
| Build / train | 150 | |
| Enter build submenu | 52 | |
| Enter hero's abilities submenu | 9 | |
| Give item / drop item | 4 | |
| Right click | 461 | |
| Select / deselect | 482 | |
| Select group hotkey | 33 | |
| Use ability | 97 | |
1293 total
» units
| Peon | 62 | |
| Grunt | 5 | |
| Shaman | 12 | |
| Tauren | 4 | |
| Troll Headhunter/Berserker | 10 | |
| Wind Rider | 1 | |
| Demolisher | 3 | |
| Troll Batrider | 13 | |
110 total
» upgrades
| Berserker Strength | 1 | |
| Melee Weapons | 2 | |
| Shaman Training | 2 | |
| Armor | 1 | |
| Ranged Weapons | 2 | |
| Envenomed Spears | 1 | |
| Pulverize | 1 | |
| Pillage | 1 | |
| Burning Oil | 1 | |
| Berserker Upgrade | 1 | |
| Troll Regeneration | 1 | |
| Spiked Barricades | 3 | |
| Reinforced Defenses | 1 | |
18 total
» buildings
| Orc Burrow | 6 | |
| Altar of Storms | 2 | |
| Barracks | 2 | |
| Stronghold | 1 | |
| War Mill | 2 | |
| Voodoo Lounge | 1 | |
| Fortress | 1 | |
| Spirit Lodge | 1 | |
| Tauren Totem | 1 | |
| Beastiary | 1 | |
| Watch Tower | 21 | |
| Great Hall | 9 | |
48 total
» build order
00:15 Orc Burrow
00:23 Altar of Storms
00:42 Barracks
01:36 Orc Burrow
02:28 Stronghold
03:08 War Mill
03:18 Orc Burrow
04:04 Voodoo Lounge
04:14 Orc Burrow
05:28 Fortress
06:09 Spirit Lodge
08:16 Tauren Totem
09:45 Beastiary
10:55 Orc Burrow
11:30 Watch Tower
12:53 Watch Tower
14:42 Great Hall
16:16 Barracks
17:11 Orc Burrow
18:56 Great Hall
19:01 Altar of Storms
20:31 Great Hall
20:39 Watch Tower
20:58 Great Hall
22:10 Watch Tower
23:42 Watch Tower
24:50 Watch Tower
26:27 Watch Tower
26:49 War Mill
27:16 Watch Tower
28:30 Watch Tower
31:52 Great Hall
35:28 Great Hall
40:18 Watch Tower
41:27 Watch Tower
43:01 Great Hall
45:13 Watch Tower
46:22 Watch Tower
48:07 Great Hall
49:04 Watch Tower
50:22 Watch Tower
50:32 Great Hall
51:32 Watch Tower
52:17 Watch Tower
53:21 Watch Tower
53:56 Watch Tower
54:59 Watch Tower
55:07 Watch Tower
» items
| Orb of Lightning | 2 | |
| Lesser Clarity Potion | 1 | |
| Scroll of Town Portal | 4 | |
7 total
team 2 (winner)
GoofyKlownFace (
purple | 60 APM | 3391 actions | 56:15)
5 Archmage
3 Blizzard
2 Brilliance Aura
5 Blood Mage
3 Flame Strike
2 Banish
5 Mountain King
3 Storm Bolt
2 Bash
» actions
| Assign group hotkey | 67 | |
| Basic commands | 94 | |
| Build / train | 161 | |
| ESC pressed | 10 | |
| Enter build submenu | 82 | |
| Enter hero's abilities submenu | 15 | |
| Give item / drop item | 14 | |
| Remove unit from queue | 1 | |
| Right click | 1084 | |
| Select / deselect | 898 | |
| Select group hotkey | 465 | |
| Use ability | 499 | |
3391 total
» units
| Peasant | 24 | |
| Goblin Zeppelin | 3 | |
| Goblin Shredder | 2 | |
| Sorceress | 2 | |
| Gryphon Rider | 3 | |
| Dragonhawk Rider | 3 | |
37 total
» upgrades
| Masonry | 3 | |
| Swords | 3 | |
| Armor | 3 | |
| Sorceress Training | 2 | |
| Magic Sentry | 1 | |
| Storm Hammers | 1 | |
| Cloud | 1 | |
| Animal War Training | 1 | |
| Priest Training | 2 | |
| Gunpowder | 3 | |
| Plating | 3 | |
23 total
» buildings
| Altar of Kings | 2 | |
| Farm | 10 | |
| Lumber Mill | 3 | |
| Arcane Vault | 3 | |
| Scout Tower | 115 | |
| Arcane Tower | 15 | |
| Guard Tower | 32 | |
| Town Hall | 5 | |
| Keep | 1 | |
| Blacksmith | 2 | |
| Castle | 1 | |
| Arcane Sanctum | 2 | |
| Gryphon Aviary | 3 | |
| Barracks | 1 | |
195 total
» build order
00:05 Altar of Kings
00:29 Farm
00:31 Farm
00:32 Farm
00:33 Farm
00:55 Lumber Mill
01:04 Arcane Vault
01:07 Scout Tower
02:13 Scout Tower
02:19 Arcane Tower
02:50 Arcane Tower
02:53 Scout Tower
03:19 Scout Tower
03:20 Scout Tower
03:24 Scout Tower
03:26 Guard Tower
03:34 Scout Tower
03:56 Scout Tower
03:57 Guard Tower
04:00 Guard Tower
04:00 Guard Tower
04:18 Guard Tower
04:52 Town Hall
05:40 Guard Tower
05:42 Guard Tower
05:44 Scout Tower
06:05 Scout Tower
06:05 Scout Tower
06:05 Scout Tower
06:38 Keep
06:42 Guard Tower
06:48 Guard Tower
08:11 Scout Tower
08:12 Scout Tower
08:17 Scout Tower
08:18 Scout Tower
08:49 Blacksmith
08:52 Blacksmith
09:24 Guard Tower
09:40 Castle
09:43 Farm
09:44 Farm
10:31 Arcane Sanctum
10:31 Arcane Sanctum
10:34 Gryphon Aviary
10:35 Gryphon Aviary
10:35 Gryphon Aviary
12:18 Farm
12:36 Scout Tower
12:36 Scout Tower
12:37 Scout Tower
12:38 Scout Tower
12:39 Scout Tower
14:04 Scout Tower
14:54 Arcane Tower
14:56 Arcane Tower
14:57 Arcane Tower
14:58 Guard Tower
15:42 Scout Tower
15:46 Scout Tower
15:47 Scout Tower
15:49 Scout Tower
15:51 Scout Tower
15:52 Scout Tower
16:38 Guard Tower
16:42 Arcane Tower
16:43 Guard Tower
17:39 Scout Tower
17:42 Scout Tower
17:43 Scout Tower
17:45 Scout Tower
17:49 Scout Tower
17:50 Scout Tower
17:54 Guard Tower
18:51 Barracks
19:05 Farm
19:06 Farm
19:11 Guard Tower
20:43 Arcane Vault
22:58 Scout Tower
23:17 Scout Tower
23:20 Arcane Tower
23:51 Scout Tower
23:52 Scout Tower
23:52 Scout Tower
23:53 Scout Tower
23:53 Scout Tower
23:54 Scout Tower
23:54 Scout Tower
23:56 Scout Tower
23:57 Scout Tower
23:58 Scout Tower
23:58 Scout Tower
23:59 Scout Tower
24:09 Guard Tower
24:20 Town Hall
24:22 Guard Tower
24:45 Guard Tower
25:04 Guard Tower
27:54 Guard Tower
28:02 Guard Tower
29:13 Lumber Mill
29:27 Farm
30:13 Town Hall
30:19 Scout Tower
30:54 Scout Tower
30:55 Scout Tower
30:56 Scout Tower
30:56 Scout Tower
30:57 Scout Tower
30:58 Scout Tower
30:58 Scout Tower
30:59 Scout Tower
31:00 Arcane Tower
38:02 Scout Tower
38:02 Scout Tower
38:03 Scout Tower
38:03 Scout Tower
38:07 Scout Tower
38:07 Scout Tower
38:43 Guard Tower
38:44 Guard Tower
38:50 Scout Tower
38:51 Scout Tower
38:52 Scout Tower
39:35 Guard Tower
40:20 Town Hall
40:21 Arcane Tower
40:23 Scout Tower
40:27 Scout Tower
40:28 Scout Tower
41:01 Arcane Tower
48:03 Lumber Mill
48:09 Scout Tower
48:09 Scout Tower
48:10 Scout Tower
48:24 Scout Tower
48:25 Scout Tower
48:28 Scout Tower
48:28 Scout Tower
48:29 Scout Tower
48:30 Scout Tower
48:41 Scout Tower
48:41 Scout Tower
48:41 Scout Tower
49:03 Guard Tower
49:05 Scout Tower
49:14 Scout Tower
49:15 Scout Tower
49:15 Scout Tower
49:16 Scout Tower
49:16 Scout Tower
49:17 Arcane Tower
49:19 Arcane Tower
49:20 Guard Tower
50:07 Scout Tower
50:08 Scout Tower
50:09 Scout Tower
50:11 Guard Tower
50:24 Scout Tower
50:25 Scout Tower
50:26 Scout Tower
50:28 Scout Tower
50:29 Scout Tower
50:30 Scout Tower
50:53 Guard Tower
50:55 Scout Tower
50:56 Scout Tower
50:56 Scout Tower
50:57 Scout Tower
51:00 Scout Tower
51:01 Scout Tower
51:02 Scout Tower
51:32 Arcane Tower
51:33 Arcane Tower
51:34 Guard Tower
51:38 Scout Tower
51:39 Scout Tower
51:39 Scout Tower
51:41 Scout Tower
51:42 Scout Tower
52:01 Town Hall
52:05 Guard Tower
53:12 Arcane Tower
53:13 Guard Tower
53:15 Scout Tower
53:16 Scout Tower
53:23 Arcane Vault
53:26 Altar of Kings
53:41 Guard Tower
53:44 Scout Tower
53:45 Scout Tower
53:45 Scout Tower
53:47 Scout Tower
53:48 Scout Tower
» items
| Mechanical Critter | 6 | |
| Lesser Clarity Potion | 3 | |
| Scroll of Regeneration | 6 | |
| Boots of Speed | 2 | |
| Periapt of Vitality | 1 | |
| Staff of Teleportation | 3 | |
| Potion of Invisibility | 1 | |
| Scroll of Town Portal | 4 | |
| Potion of Mana | 1 | |
| Potion of Healing | 3 | |
| Staff of Sanctuary | 2 | |
| Orb of Fire | 1 | |
33 total
Chat log
(20:02 / All) GoofyKlownFace: uh oh
(20:08 / All) GoofyKlownFace: attack move means ragequit
(21:04 / All) GoofyKlownFace: hey you did the retarded attack move
(21:09 / All) GoofyKlownFace: now youre supposed to get mad and leave
(21:45 / All) GoofyKlownFace: im coming
(22:38 / All) GoofyKlownFace: HERE IT COMES
(24:30 / All) GoofyKlownFace: you built too far away
(24:33 / All) GoofyKlownFace: ill let you have it
(25:27 / All) GoofyKlownFace: you need more towers
(26:17 / All) GoofyKlownFace: do you know what upkeep is?
(26:30 / All) GoofyKlownFace: do you know how to use a mouse?
(26:42 / All) GoofyKlownFace: hey dont get greedy
(26:54 / All) GoofyKlownFace: i only let you have 1
(30:21 / All) GoofyKlownFace: o hai
(30:40 / All) GoofyKlownFace: woohoo
(30:42 / All) GoofyKlownFace: free exp
(33:38 / All) GoofyKlownFace: you really gonna attack with that?
(35:14 / All) GoofyKlownFace: look at that
(35:16 / All) GoofyKlownFace: 10 wasted gold
(37:57 / All) GoofyKlownFace: what a waste
(38:31 / All) GoofyKlownFace: wow only took you 3 of em
(38:36 / All) GoofyKlownFace: can you afford those?
(39:15 / All) GoofyKlownFace: you forgot a tp scroll
(39:17 / All) GoofyKlownFace: are you short on gold?
(40:09 / All) GoofyKlownFace: thanks for attacking with the batrider
(40:12 / All) GoofyKlownFace: that was well planned
(42:50 / All) GoofyKlownFace: lol
(42:54 / All) GoofyKlownFace: why are you still here?
(43:03 / All) GoofyKlownFace: do you enjoy losing?
(44:50 / All) GoofyKlownFace: you STILL dont have sentry wards
(44:51 / All) GoofyKlownFace: wow
(45:08 / All) GoofyKlownFace: did your mom drop you?
(47:47 / All) GoofyKlownFace: youre gonna try to siege
(47:48 / All) GoofyKlownFace: really?
(48:36 / All) GoofyKlownFace: hi
(48:48 / All) GoofyKlownFace: thanks
(52:45 / All) GoofyKlownFace: HEX
(56:07 / All) GoofyKlownFace: LOL
(56:08 / All) GoofyKlownFace: ragequit time?